 Dungeon Crawl Stone Soup version 0.14.2 (webtiles) character file.

2669 Trafet the Grappler (level 9, -10/74 HPs)
             Began as a Troll Wizard on Apr 19, 2015.
             Was a Priest of Kikubaaqudgha.
             Mangled by a wolf spider (21 damage)
             ... on Level 9 of the Dungeon.
             The game lasted 00:26:11 (7280 turns).

Trafet the Grappler (Troll Wizard)                  Turns: 7280, Time: 00:26:20

HP -10/74        AC  7     Str 17      XL: 9   Next: 14%
MP   9/9         EV  8     Int 20      God: Kikubaaqudgha [***...]
Gold 437         SH 17     Dex  8      Spells:  3 memorised,  8 levels left

rFire  . . .     SeeInvis .       - Unarmed
rCold  . . .     Clarity  .     a - +0 robe
rNeg   . . .     Conserve .     m - +1 shield
rPois  .         rCorr    .     b - +1 hat
rElec  .         rRot     .     w - +0 cloak
SustAb . .       Spirit   .     (gloves unavailable)
rMut   .         Warding  .     (boots unavailable)
Gourm  +         Stasis   .     (no amulet)
MR     .....                    j - +3 ring of intelligence
                                n - ring of sustenance

@: not resistant to hostile enchantments, unstealthy
A: unfitting armour, claws 3, fast metabolism 3, gourmand, regeneration 2,
saprovore 2, shaggy fur 1, tough skin 2
a: Receive Corpses, Renounce Religion


You were on level 9 of the Dungeon.
You worshipped Kikubaaqudgha.
Kikubaaqudgha was most pleased with you.
You were hungry.

You visited 2 branches of the dungeon, and saw 10 of its levels.
You also visited: Sewer.

You collected 437 gold pieces.

Inventory:

Armour
 a - a +0 robe (worn)
 b - a +1 hat (worn)
 m - a +1 shield (worn)
 w - a +0 cloak (worn)
Magical devices
 i - a wand of paralysis (9)
 F - a wand of flame (8)
 N - a wand of slowing (7)
Comestibles
 d - 6 meat rations
 k - a choko
 r - 2 bread rations
 u - a beef jerky
 C - a sausage
 Q - an apple
Scrolls
 g - a scroll of enchant weapon II
 l - 3 scrolls of fog
 o - a scroll of teleportation
 q - 4 scrolls of blinking
 K - 3 scrolls of identify
 R - a scroll of magic mapping
Jewellery
 e - an uncursed ring of invisibility
 j - a +3 ring of intelligence (right claw)
 n - a ring of sustenance (left claw)
 y - the ring of the Townfolk {+Inv Str+4 Dex+1 Int-2 Curse}
   (You found it on level 6 of the Dungeon)

   [ring of invisibility]

   It affects your strength (+4).
   It affects your intelligence (-2).
   It affects your dexterity (+1).
   It may recurse itself when equipped.
 I - a +4 ring of intelligence
 O - a cursed ring of hunger {unknown}
Potions
 h - a potion of brilliance {unknown}
 p - 2 potions of magic
 s - 3 potions of restore abilities
 t - 3 potions of haste
 v - 3 potions of flight
 x - 2 potions of invisibility {unknown}
 z - a potion of agility {unknown}
 A - a potion of heal wounds
 D - a potion of paralysis {unknown}
 G - a potion of might {unknown}
 H - a potion of curing
 M - a potion of poison {unknown}
Books
 c - a book of Minor Magic

   Spells                             Type                      Level
   *Magic Dart                        Conjuration                  1
   *Blink                             Translocation                2
   Call Imp                           Summoning                    2
   Repel Missiles                     Charms/Air                   2
   Slow                               Hexes                        2
   Conjure Flame                      Conjuration/Fire             3
   Mephitic Cloud                     Conjuration/Poison/Air       3
 f - Kikubaaqudgha's Compendium of Black Secrets
   (Kikubaaqudgha gifted it to you on level 3 of the Dungeon)

   Spells                             Type                      Level
   *Animate Skeleton                  Necromancy                   1
   Lethal Infusion                    Charms/Necromancy            2
   Sublimation of Blood               Necromancy                   2
   Regeneration                       Charms/Necromancy            3
   Control Undead                     Necromancy                   4
 E - a book of Debilitation

   Spells                             Type                      Level
   Corona                             Hexes                        1
   Slow                               Hexes                        2
   Inner Flame                        Hexes/Fire                   3
   Enslavement                        Hexes                        4
   Cause Fear                         Hexes                        4
   Leda's Liquefaction                Hexes/Earth                  4
 P - Kikubaaqudgha's Reference Book on Unholy Rites
   (Kikubaaqudgha gifted it to you on level 8 of the Dungeon)

   Spells                             Type                      Level
   Animate Dead                       Necromancy                   4
   Excruciating Wounds                Charms/Necromancy            5
   Bolt of Draining                   Conjuration/Necromancy       5
   Dispel Undead                      Necromancy                   5
   Twisted Resurrection               Necromancy                   5
Magical staves
 L - an uncursed staff of power {unknown}


   Skills:
 - Level 1.5 Dodging
 - Level 1.1 Stealth
 + Level 3.4 Shields
 + Level 11.1 Unarmed Combat
 - Level 2.0 Spellcasting
 - Level 0.6 Conjurations
   Level 0.6 Summonings
 - Level 0.6 Translocations


You had 8 spell levels left.
You knew the following spells:

 Your Spells              Type           Power        Failure   Level  Hunger
a - Magic Dart            Conj           #...         30%         1    #......
b - Animate Skeleton      Necr           N/A          38%         1    #......
c - Blink                 Tloc           N/A          47%         2    ##.....


Dungeon Overview and Level Annotations

Branches:
Dungeon (9/15)             Temple (1/1) D:4
    Orc: D:9-12        Lair: D:8-11

Altars:
Elyvilon
Fedhas
Kikubaaqudgha
Sif Muna
Trog
Yredelemnul
Zin
The Shining One


Innate Abilities, Weirdness & Mutations

You are too large for most types of armour.
You have claws for hands.
Your metabolism is lightning-fast.
You like to eat raw meat.
You heal very quickly.
You can eat rotten meat.
You are covered in fur (AC +1).
You have very tough skin (AC +2).


Message History

You feel very sick.
You feel very sick. The wolf spider barely misses you.
The wolf spider bites you but does no damage.
You feel very sick.
The deep troll earth mage is no longer bleeding.
There is a stone staircase leading up here.
Drink which item? (? for menu, Esc to quit)
You feel much better.
You feel sick. The wolf spider barely misses you.
The wolf spider bites you but does no damage.
You block the wolf spider's attack. The wolf spider barely misses you.
Drink which item? (? for menu, Esc to quit)
You feel better. The wolf spider hits you! You block the wolf spider's attack.
The wolf spider hits you!
* * * LOW HITPOINT WARNING * * *
The wolf spider bites you!
* * * LOW HITPOINT WARNING * * *
The wolf spider hits you!
You die...
Kikubaaqudgha rasps: "You have failed me!
Welcome... death!"

#.........#
##.⌠...⌠.##
#.......#
##.....##
#.....#
##..=##
#.T.# ##s##
#@# ###


You could see a wolf spider and a deep troll earth mage.

Vanquished Creatures
  A hungry ghost (D:8)
  An ice beast (D:7)
  2 sky beasts
  An orc warrior (D:6)
  3 ogres
  Sigmund (D:6)
  A giant frog (D:8)
  A gnoll sergeant (D:6)
  2 scorpions
  2 killer bees (D:7)
  3 crimson imps
  A giant frog zombie (D:6)
  An orc priest (D:7)
  2 giant frog skeletons
  2 jellies
  5 hounds
  A gnoll shaman (D:3)
  An iguana (D:6)
  5 orc wizards
  4 worker ants
  6 gnolls
  A scorpion zombie (D:8)
  5 adders
  A worm zombie (D:8)
  A shadow imp (D:7)
  A green rat (D:3)
  6 worms
  4 giant mites
  A giant eyeball (D:4)
  9 giant geckos
  3 oozes
  22 orcs
  4 ball pythons
  A bat zombie (D:7)
  4 giant cockroaches
  13 hobgoblins
  12 jackals
  16 kobolds
  3 quokkas
  23 bats
  7 giant newts
  A giant spore (D:7)
  A gnoll skeleton (D:8)
  10 goblins
  A hobgoblin zombie (D:7)
  6 rats
  2 ballistomycetes (D:7)
204 creatures vanquished.

Vanquished Creatures (collateral kills)
  A worm (D:6)
  A jackal (D:6)
2 creatures vanquished.

Vanquished Creatures (others)
  A goblin skeleton (D:7)
1 creature vanquished.

Grand Total: 207 creatures vanquished

Notes
Turn   | Place    | Note
--------------------------------------------------------------
     0 | D:1      | Trafet, the Troll Wizard, began the quest for the Orb.
     0 | D:1      | Reached XP level 1. HP: 16/16 MP: 3/3
   200 | D:1      | Reached skill level 1 in Unarmed Combat
   292 | D:1      | Reached XP level 2. HP: 16/24 MP: 3/3
   499 | D:1      | Reached XP level 3. HP: 31/31 MP: 5/5
   957 | D:2      | Reached skill level 3 in Unarmed Combat
  1088 | D:2      | Found a bloodstained altar of Trog.
  1136 | D:2      | Found a white marble altar of Elyvilon.
  1295 | D:2      | Found a glowing golden altar of the Shining One.
  1575 | D:2      | Reached XP level 4. HP: 39/39 MP: 5/5
  1623 | D:3      | Reached skill level 4 in Unarmed Combat
  1739 | D:3      | Found a glowing drain.
  1749 | Sewer    | Entered a sewer
  1837 | Sewer    | Reached XP level 5. HP: 41/45 MP: 6/6
  2448 | D:3      | Reached skill level 5 in Unarmed Combat
  2834 | D:4      | Found a staircase to the Ecumenical Temple.
  2842 | Temple   | Entered the Ecumenical Temple
  2869 | Temple   | Became a worshipper of Kikubaaqudgha
  2947 | D:4      | Reached XP level 6. HP: 38/53 MP: 7/7
  3017 | D:4      | Reached skill level 6 in Unarmed Combat
  3036 | D:4      | Paralysed by a giant eyeball for 3 turns
  3059 | D:4      | Noticed an ogre
  3160 | D:4      | Killed an ogre
  3416 | D:4      | Reached skill level 7 in Unarmed Combat
  3611 | D:3      | Acquired Kikubaaqudgha's first power
  3611 | D:3      | Received a gift from Kikubaaqudgha
  3611 | D:3      | Reached XP level 7. HP: 59/59 MP: 8/8
  3612 | D:3      | Identified Kikubaaqudgha's Compendium of Black Secrets (Kikubaaqudgha gifted it to you on level 3 of the Dungeon)
  3615 | D:3      | Learned a level 1 spell: Animate Skeleton
  3618 | D:3      | Learned a level 2 spell: Blink
  3783 | D:4      | Noticed an ogre
  3884 | D:4      | Killed an ogre
  4062 | D:5      | Entered Level 5 of the Dungeon
  4224 | D:5      | Reached skill level 8 in Unarmed Combat
  4948 | D:6      | Reached skill level 9 in Unarmed Combat
  5044 | D:6      | Reached XP level 8. HP: 44/67 MP: 8/8
  5401 | D:6      | Got an ancient turquoise ring
  5410 | D:6      | Acquired Kikubaaqudgha's second power
  5469 | D:6      | Noticed Sigmund
  5545 | D:7      | Identified the ring of the Townfolk {+Inv Str+4 Dex+1 Int-2 Curse} (You found it on level 6 of the Dungeon)
  5656 | D:7      | Reached skill level 10 in Unarmed Combat
  5921 | D:6      | Killed Sigmund
  6236 | D:7      | Reached skill level 1 in Shields
  6553 | D:7      | Noticed a hill giant
  6817 | D:8      | Reached XP level 9. HP: 64/74 MP: 9/9
  6891 | D:8      | Found a blossoming altar of Fedhas.
  6937 | D:8      | Received a gift from Kikubaaqudgha
  6937 | D:8      | Reached skill level 11 in Unarmed Combat
  6938 | D:8      | Identified Kikubaaqudgha's Reference Book on Unholy Rites (Kikubaaqudgha gifted it to you on level 8 of the Dungeon)
  7262 | D:9      | Noticed a deep troll earth mage
  7263 | D:9      | Noticed a wolf spider
  7280 | D:9      | Mangled by a wolf spider

Action                   |  1- 3 |  4- 6 |  7- 9 || total
-------------------------+-------+-------+-------++-------
Melee: Unarmed           |   141 |   279 |   338 ||   758
 Cast: Magic Dart        |       |       |     3 ||     3
       Animate Skeleton  |       |       |     4 ||     4
Evoke: Wand              |       |       |     3 ||     3
  Use: Potion            |       |     2 |     2 ||     4
       Scroll            |       |     8 |     9 ||    17
